 Dungeon Crawl Stone Soup version 0.21-a0-531-gacddea6 (webtiles) character file.

63 Amnesiac the Ducker (level 3, -1/22 HPs)
             Began as a Deep Elf Gladiator on Dec 13, 2017.
             Slain by a quokka (3 damage)
             ... on level 2 of the Dungeon.
             The game lasted 00:02:24 (891 turns).

Amnesiac the Ducker (Deep Elf Gladiator)             Turns: 891, Time: 00:02:24

Health: -1/22      AC:  8    Str: 12    XL:     3   Next: 87%
Magic:  5/5        EV: 12    Int: 12    God:
Gold:   0          SH:  0    Dex: 16    Spells: 2/2 levels left

rFire    . . .     SeeInvis .   a - +0 quarterstaff
rCold    . . .     Gourm    .   (shield currently unavailable)
rNeg     . . .     Faith    .   l - +0 ring mail
rPois    .         Spirit   .   c - +0 helmet
rElec    .         Reflect  .   (no cloak)
rCorr    .         Harm     .   (no gloves)
MR       .....                  (no boots)
Stlth    +.........             (no amulet)
HPRegen  0.07/turn              g - +2 ring of protection
MPRegen  0.09/turn              (no ring)

@: no status effects
A: no striking features
a: no special abilities


You were on level 2 of the Dungeon.
You were not hungry.

You visited 1 branch of the dungeon, and saw 2 of its levels.

Inventory:

Hand Weapons
 a - a +0 quarterstaff (weapon)
Missiles
 d - 2 throwing nets (quivered)
 m - 17 stones
 n - 8 needles of frenzy
Armour
 c - a +0 helmet (worn)
 l - a +0 ring mail (worn)
Jewellery
 g - a +2 ring of protection (left hand)
Scrolls
 h - a scroll of identify {!r, unknown}
 k - a scroll of fog {!r, unknown}
 o - 2 scrolls of noise {!r, unknown}
Potions
 e - a potion of resistance {!q, unknown}
 i - 2 potions of might {!q, unknown}
Comestibles
 b - a meat ration
 f - 2 bread rations
 j - 3 fruits
 p - a royal jelly


   Skills:
 + Level 2.3 Fighting
 - Level 3.0 Staves
 - Level 2.0 Throwing
 + Level 2.3 Armour
 + Level 3.6 Dodging


You had 2 spell levels left.
You didn't know any spells.

Dungeon Overview and Level Annotations

Branches:
Dungeon (2/15)

Altars:


Message History

You hit the giant cockroach.
You kill the giant cockroach!
The bat hits you but does no damage. The giant cockroach closely misses you.
You hit the giant cockroach.
The giant cockroach is heavily wounded.
The bat barely misses you. The giant cockroach barely misses you.
The bat hits you but does no damage. The giant cockroach bites you.
You hit the giant cockroach but do no damage.
The giant cockroach is heavily wounded.
The bat hits you but does no damage. The bat closely misses you.
The giant cockroach bites you but does no damage.
The bat barely misses you.
You sock the giant cockroach!
You kill the giant cockroach!
The bat barely misses you. The bat closely misses you.
You miss the bat. The bat barely misses you.
You closely miss the bat. The bat barely misses you.
The bat closely misses you.
You hit the bat.
You kill the bat!
No target in view!
No target in view!
You see here an adder corpse.
d - 2 throwing nets (gained 1)
You start resting.
HP restored.
A goblin comes into view. It is wielding a dagger.
The goblin shouts!
You hear a shout!
A kobold comes into view.
The kobold throws a stone.
The stone hits you but does no damage.
An ogre comes into view. It is wielding a giant club.
You see here a stone.
The ogre shouts!
The kobold throws a stone.
The stone closely misses you. The goblin misses you.
You closely miss the goblin. The goblin hits you but does no damage.
You hit the goblin but do no damage.
The kobold throws a stone.
The stone closely misses you. The goblin hits you but does no damage.
The kobold throws a stone.
The stone closely misses you. The goblin hits you with a dagger.
You hit the goblin.
The goblin is heavily wounded.
The goblin misses you.
A quokka comes into view.
You hit the goblin.
You kill the goblin!
The ogre misses you.
A giant cockroach comes into view.
You hit the ogre.
The ogre is lightly wounded.
The kobold throws a stone.
The stone hits you but does no damage.
You closely miss the ogre.
The ogre is lightly wounded.
The ogre completely misses you.
You hit the ogre.
The ogre is moderately wounded.
The ogre hits you with a giant club!
Ouch! That really hurt!
* * * LOW HITPOINT WARNING * * *
The kobold misses you.
A dart slug comes into view.
You see here a stone.
The quokka bites you.
You die...

#..#. #........ ..
#....##♣.♣.♣.♣.......
.#..................w.
........♣#♣.♣.♣.......
........##..(#........
.........<♣.♣#........
........###....s...#
.........##..K.....###
.......#.##.@rO)......
#...........(........♣
.......#...(...?.....♣
.#.PP♣.P#†#..........♣
...♣♣♣PP............#♣
.♣♣ ♣.P...##........♣
♣♣♣♣..#...####..#
P.##.#.# ..# P... .#


You could see an ogre, a quokka, a giant cockroach and a kobold.

Vanquished Creatures
  An adder (D:2)
  An ooze (D:1)
  A leopard gecko (D:1)
  7 giant cockroaches
  7 goblins
  7 hobgoblins (D:1)
  4 jackals (D:1)
  3 bats
  7 frilled lizards
  3 kobolds (D:1)
  2 rats (D:1)
43 creatures vanquished.

Notes
Turn   | Place    | Note
-------+----------+-------------------------------------------
     0 | D:1      | Amnesiac the Deep Elf Gladiator began the quest for the Orb.
     0 | D:1      | Reached XP level 1. HP: 12/12 MP: 3/3
   160 | D:1      | Reached skill level 1 in Armour
   194 | D:1      | Reached XP level 2. HP: 16/16 MP: 4/4
   350 | D:1      | Reached XP level 3. HP: 17/21 MP: 5/5
   882 | D:2      | Noticed an ogre
   889 | D:2      | HP: 1/22 [ogre/giant club (15)]
   891 | D:2      | Slain by a quokka

Vault maps used:
D:1:      evilmike_arrival_rings, st_stairs_12, minmay_lizard_king
D:2:      serial_forest, infiniplex_forest_clump_large, infiniplex_forest_end_1,
          infiniplex_forest_zigzag_2, infiniplex_forest_clump_small,
          infiniplex_forest_clump_long, infiniplex_forest_clump_double,
          infiniplex_forest_lined_4_way, minmay_misc_feat_columns

Skill      XL: |  1  2  3 |
---------------+----------+-----
Armour         | 1 2 |  2.3
Fighting       | 2 |  2.3
Staves         | |  3.0
Throwing       | |  2.0
Dodging        | |  3.6

Action                   || total
-------------------------++-------
Melee: Quarterstaff      ||   144
Throw: Throwing net      ||     4
Armor: Leather armour    ||    14
       Ring mail         ||    72
Dodge: Dodged            ||   160

Table legend:
 A = Spawn XP
 B = Non-spawn XP
 C = Spawn XP percentage of total XP
 D = Spawn monster count
 E = Non-spawn monster count
 F = Spawn count percentage of total count
 G = Total turns spent on level
                    A         B        C        D         E        F      G
               +---------+---------+-------+---------+---------+-------+---------
         Total |       0 |      90 |   0.0 |       0 |      43 |   0.0 |   891
               +---------+---------+-------+---------+---------+-------+---------
           D:1 |       0 |      68 |   0.0 |       0 |      37 |   0.0 |   819
           D:2 |       0 |      22 |   0.0 |       0 |       6 |   0.0 |    72
               +---------+---------+-------+---------+---------+-------+---------
